 Dungeon Crawl Stone Soup version 0.19-a0-1686-g35356ef (webtiles) character file.

95 HungrySpirit the Sneak (level 4, -5/29 HPs)
             Began as an Octopode Assassin on Sept 25, 2016.
             Slain by Natasha (9 damage)
             ... on level 2 of the Dungeon.
             The game lasted 00:02:17 (1457 turns).

HungrySpirit the Sneak (Octopode Assassin)          Turns: 1457, Time: 00:02:17

Health: -5/29      AC:  2    Str: 10    XL:     4   Next: 65%
Magic:  4/4        EV: 14    Int: 13    God:
Gold:   40         SH:  0    Dex: 14    Spells: 0 memorised, 3 levels left

rFire  . . .     SeeInvis +     a - +2 dagger
rCold  . . .     Gourm    .     (no shield)
rNeg   . . .     Faith    .     (helmet restricted)
rPois  .         Spirit   .     (no amulet)
rElec  .         Dismiss  .     k - ring of see invisible
rCorr  .         Reflect  .     (no ring)
MR     .....     Harm     .     (no ring)
Stlth  ++++......               (no ring)
                                (no ring)
                                (no ring)
                                (no ring)
                                (no ring)

@: no status effects
A: almost no armour, stealthy swim, amphibious, 8 rings, constrict 8, camouflage
1, gelatinous body 1
a: no special abilities


You were on level 2 of the Dungeon.
You were not hungry.

You visited 1 branch of the dungeon, and saw 2 of its levels.

You collected 40 gold pieces.

Inventory:

Hand Weapons
 a - a +2 dagger (weapon)
 b - a +0 blowgun
 h - a +0 dagger of speed
Missiles
 c - 22 poisoned needles
 d - 2 curare-tipped needles
Jewellery
 k - a ring of see invisible (left tentacle)
Scrolls
 e - 2 scrolls of identify {unknown}
 g - a scroll of teleportation {unknown}
 i - 2 scrolls of remove curse {unknown}
Potions
 j - a potion of berserk rage {unknown}
Comestibles
 f - 4 bread rations


   Skills:
 - Level 2.0 Fighting
 * Level 3.7 Short Blades
 - Level 2.0 Throwing
 * Level 2.4 Dodging
 + Level 5.8 Stealth


You had 3 spell levels left.
You didn't know any spells.

Dungeon Overview and Level Annotations

Branches:
Dungeon (2/15)

Altars:

Annotations:
D:2 Natasha


Innate Abilities, Weirdness & Mutations

You cannot wear most types of armour.
You are very stealthy in the water.
You are amphibious.
You can wear up to eight rings at the same time.
You can use your tentacles to constrict eight enemies at once.
Your skin changes colour to match your surroundings (Stealth+).
Your rubbery body absorbs attacks. (AC +1, EV +1)


Message History

Natasha yowls pathetically as she dies!
No target in view!
No target in view!
You start resting.
A frilled lizard comes into view.
A frilled lizard is nearby!
Natasha, Servant of Life and Death comes into view.
Natasha mumbles some strange words.
Natasha claws you.
* * * LOW HITPOINT WARNING * * *
You hit Natasha. You grab Natasha. You squeeze Natasha, but do no damage.
Natasha is lightly wounded.
You constrict Natasha. Natasha claws you.
* * * LOW HITPOINT WARNING * * *
The iron imp shouts, "Give up, thou odious folly-fallen bounder!"
The iron imp closely misses you.
You hit Natasha.
Natasha is moderately wounded.
You constrict Natasha. Natasha claws you!
You die...

.# #.........###
...## .### .#
#.......#...#
#...##.... .#
######.####.#
#.l.....## .#
#..###.#
##..#..#..# .#
##....>#
#.........# .#
#####.##
#........# ##
#..###).####....
#.h5##..# .
##.@##..# .
#####..#..#.!.#
.............#
#######.#.!.##
#.#..).#
#....#....
###..##### #...
#....


You could see an iron imp and Natasha.

Vanquished Creatures
  Natasha (twice) (D:2)
  An ooze (D:2)
  A dart slug (D:1)
  A giant cockroach (D:1)
  2 goblins (D:2)
  9 hobgoblins
  4 jackals (D:2)
  2 kobolds (D:1)
  A quokka (D:2)
  A ball python (D:2)
  7 bats (D:1)
  A frilled lizard (D:1)
  4 rats (D:1)
36 creatures vanquished.

Notes
Turn   | Place    | Note
-------+----------+-------------------------------------------
     0 | D:1      | HungrySpirit the Octopode Assassin began the quest for the Orb.
     0 | D:1      | Reached XP level 1. HP: 14/14 MP: 1/1
   138 | D:1      | Reached XP level 2. HP: 8/19 MP: 2/2
   682 | D:1      | Reached XP level 3. HP: 21/24 MP: 3/3
  1114 | D:2      | Noticed Natasha
  1144 | D:2      | Killed Natasha
  1319 | D:2      | Reached XP level 4. HP: 27/29 MP: 4/4
  1416 | D:2      | Noticed Natasha
  1424 | D:2      | Killed Natasha
  1453 | D:2      | Noticed Natasha
  1457 | D:2      | Slain by Natasha

Vault maps used:
D:1:      dpeg_arrival_solitude, serial_bayou_pond_d, minmay_tromino_i4
D:2:      led_sif_pool, first_bread, uniq_natasha

Skill      XL: |  1  2  3 |
---------------+----------+-----
Short Blades   | 3 |  3.7
Dodging        | 2 |  2.4
Fighting       | |  2.0
Throwing       | |  2.0
Stealth        | |  5.8

Action                   |  1- 3 |  4- 6 || total
-------------------------+-------+-------++-------
Melee: Dagger            |    53 |    26 ||    79
       Constrict         |    17 |     7 ||    24
       Tentacles         |     6 |     5 ||    11
 Fire: Blowgun           |     5 |       ||     5
 Stab: Sleeping          |     6 |     2 ||     8
       Distracted        |       |     1 ||     1
  Eat: Chunk             |     1 |     1 ||     2
Armor: Skin              |    15 |     2 ||    17
Dodge: Dodged            |    42 |    13 ||    55
